 Dungeon Sprint DCSS version 0.31-a0-8-gd14b0f4ee2 (webtiles) character file.

Game seed: 11172158873604434573

985 Conn the Arsonist (level 8, -13/47 HPs)
             Began as an Octopode Fire Elementalist on May 6, 2023.
             Was a Follower of Sif Muna.
             Mangled by a deep troll (16 damage)
             ... in the Dungeon (Sprint I: "Red Sonja").
             The game lasted 00:05:46 (544 turns).

Conn the Arsonist (Octopode Fire Elementalist)       Turns: 544, Time: 00:05:46

Health: -13/47     AC:  1    Str:  7    XL:     8   Next: 18%
Magic:  20/20      EV: 15    Int: 20    God:    Sif Muna [*.....]
Gold:   662        SH:  0    Dex: 12    Spells: 13/23 levels left

rFire   . . .        f - +0 dagger (distort)
rCold   . . .        (no shield)
rNeg    . . .        (helmet restricted)
rPois   .            (no amulet)
rElec   .            (no ring)
rCorr   .            (no ring)
SInv    .            (no ring)
Will    .....        (no ring)
Stlth   +++          (no ring)
HPRegen 0.27/turn    (no ring)
MPRegen 0.17/turn    (no ring)
                     (no ring)

%: no teleportation
@: hasted, very quick
A: almost no armour, amphibious, 8 rings, camouflage 1, gelatinous body 1,
(nimble swimmer 1), tentacles
a: Renounce Religion, Channel Magic


You were in the Dungeon.
You worshipped Sif Muna.
Sif Muna was aware of your devotion.
You visited 1 branch You collected 662 gold pieces.

Inventory:

Hand Weapons
 f - a +0 dagger of distortion (weapon)
 g - a +0 dagger
Wands
 e - a wand of digging (6)
Scrolls
 j - a scroll of brand weapon {unknown}
 k - a scroll of identify {unknown}
Potions
 a - 3 potions of magic
 b - 3 potions of curing
 c - a potion of heal wounds
 i - a potion of berserk rage


   Skills:
 + Level 0.4 Fighting
 + Level 6.1 Dodging
 - Level 2.6 Stealth
 + Level 8.0 Spellcasting
 * Level 8.0 Conjurations
 + Level 12.1 Fire Magic


You had 13 spell levels left.
You knew the following spells:

 Your Spells              Type           Power      Damage    Failure   Level
a - Foxfire               Conj/Fire      100%       2x1d9     1%          1
b - Scorch                Fire           100%       2d9       1%          2
c - Inner Flame           Hex/Fire       32%        N/A       2%          3
d - Flame Wave            Conj/Fire      48%        2d12      1%          4

Your spell library contained the following spells:

 Spells                   Type           Power      Damage    Failure   Level
 Volatile Blastmotes      Fire/Tloc      64%        2d15      2%          3


Dungeon Overview and Level Annotations

Branches:
Dungeon (1/1)

Altars:
Cheibriados
Dithmenos
Elyvilon
Fedhas
Gozag
Hepliaklqana
Kikubaaqudgha
Nemelex Xobeh
Okawaru
Qazlal
Ru
Sif Muna
Trog
Uskayaw
Vehumet
Wu Jian
Yredelemnul
Zin
The Shining One

Shops:
D [[


Innate Abilities, Weirdness & Mutations

You cannot wear most types of armour.
You are amphibious.
You can wear up to eight rings at the same time.
Your skin changes colour to match your surroundings (Stealth+).
Your rubbery body absorbs attacks. (AC +1, EV +1)
((You are camouflaged when in or above water. (Stealth+)))
You have tentacles for arms and can constrict up to eight enemies at once.


Message History

Casting: Scorch (safe; 1% risk of failure)
Confirm with . or Enter, or press ? or * to list all spells.
Okay, then.
Unknown command.
Casting: Foxfire (safe; 1% risk of failure)
Press: ? - help, Q - select action, (/) - cycle Dir - look around, f - activate
Okay, then.
Unknown command.
Throw: 3 darts (curare)
Press: ? - help, Q - select action, (/) - cycle Shift-Dir - straight line, f - deep troll
Aim: a deep troll (56% to hit)
You throw a curare-tipped dart.
The curare-tipped dart closely misses the deep troll.
Throw: 2 darts (curare)
Press: ? - help, Q - select action, (/) - cycle Shift-Dir - straight line, f/p - deep troll
Aim: a deep troll (56% to hit)
You throw a curare-tipped dart.
The curare-tipped dart barely misses the deep troll.
Unknown command.
Throw: dart (curare)
Press: ? - help, Q - select action, (/) - cycle Shift-Dir - straight line, f/p - deep troll
Aim: a deep troll (56% to hit)
You throw a curare-tipped dart.
The curare-tipped dart barely misses the deep troll.
The deep troll bites you. The deep troll claws you! The deep troll claws you.
Unknown command.
Casting: Foxfire (safe; 1% risk of failure)
Confirm with . or Enter, or press ? or * to list all spells.
Okay, then.
Unknown command.
You closely miss the deep troll.
The deep troll completely misses you. x3
You closely miss the deep troll. The deep troll bites you!
The deep troll claws you!
* * * LOW HITPOINT WARNING * * *
The deep troll claws you but does no damage.
Okay, then.
Okay, then.
You feel yourself speed up. The deep troll completely misses you.
The deep troll claws you!
You die...

#...####'#####'#
#..####..#...#(#
#..#__####..##[#
#)[#_____##'#_.+
#⌠⌠#_.∩...'.†._#
#.##_..__##_.#'#
#..#_____###'#.#
############†####+###
#∩........'..@T$$.$(+
###++++####...#######
###.### #.#'#.#
#.....# #.....#
#######


You could see a deep troll.

Vanquished Creatures
  Sonja (D)
  Sigmund (D)
  A yak (D)
  An ogre (D)
  A jelly (D)
  Ijyb (D)
  A ballistomycete spore (D)
7 creatures vanquished.

Vanquished Creatures (others)
  A ballistomycete spore (D)
  27 foxfires (D)
28 creatures vanquished.

Grand Total: 35 creatures vanquished

Notes
Turn   | Place    | Note
-------+----------+-------------------------------------------
     0 | D        | Conn the Octopode Fire Elementalist began the quest for the
                  | Orb.
     0 | D        | Reached XP level 1. HP: 11/11 MP: 3/3
     3 | D        | Noticed Ijyb
    18 | D        | Killed Ijyb
    19 | D        | Reached skill level 4 in Fire Magic
    19 | D        | Reached XP level 2. HP: 6/17 MP: 0/5
    19 | D        | Reached XP level 3. HP: 7/21 MP: 0/7
   106 | D        | Noticed an ogre
   120 | D        | Killed an ogre
   121 | D        | Reached skill level 7 in Fire Magic
   121 | D        | Reached XP level 4. HP: 27/27 MP: 0/10
   135 | D        | Learned a level 2 spell: Scorch
   139 | D        | Learned a level 3 spell: Inner Flame
   144 | D        | Learned a level 4 spell: Flame Wave
   151 | D        | Noticed Sigmund
   234 | D        | Killed Sigmund
   235 | D        | Reached skill level 5 in Spellcasting
   235 | D        | Reached skill level 5 in Conjurations
   235 | D        | Reached skill level 8 in Fire Magic
   235 | D        | Reached XP level 5. HP: 31/31 MP: 5/13
   235 | D        | Reached XP level 6. HP: 36/36 MP: 5/14
   308 | D        | Found an ornate altar of the Wu Jian Council.
   308 | D        | Found a shimmering blue altar of Sif Muna.
   310 | D        | Found a radiant altar of Vehumet.
   314 | D        | Became a worshipper of Sif Muna the Loreminder
   323 | D        | Reached skill level 9 in Fire Magic
   367 | D        | Found Oqerijamat's Armour Emporium.
   367 | D        | Found an ancient bone altar of Kikubaaqudgha.
   367 | D        | Found a hazy altar of Hepliaklqana.
   367 | D        | Found a stormy altar of Qazlal.
   367 | D        | Found a hide-covered altar of Uskayaw.
   367 | D        | Found a blossoming altar of Fedhas.
   367 | D        | Found a bloodstained altar of Trog.
   367 | D        | Found an iron altar of Okawaru.
   367 | D        | Found a basalt altar of Yredelemnul.
   367 | D        | Found a glowing golden altar of the Shining One.
   367 | D        | Found a snail-covered altar of Cheibriados.
   367 | D        | Found a sacrificial altar of Ru.
   367 | D        | Found a glowing silver altar of Zin.
   367 | D        | Found a shadowy altar of Dithmenos.
   367 | D        | Found a white marble altar of Elyvilon.
   367 | D        | Noticed a yak
   373 | D        | Killed a yak
   374 | D        | Reached skill level 5 in Dodging
   374 | D        | Reached skill level 10 in Fire Magic
   374 | D        | Reached XP level 7. HP: 33/42 MP: 8/16
   376 | D        | Found an opulent altar of Gozag.
   377 | D        | Found a sparkling altar of Nemelex Xobeh.
   427 | D        | Noticed Sonja
   429 | D        | Killed Sonja
   429 | D        | Reached * piety under Sif Muna
   430 | D        | Reached skill level 12 in Fire Magic
   430 | D        | Reached XP level 8. HP: 47/47 MP: 11/20
   518 | D        | Found Umpuarha's Armour Boutique.
   538 | D        | Noticed a deep troll
   544 | D        | Mangled by a deep troll

Illustrated notes

Levels and vault maps discovered:
D:        dungeon_sprint_1 [red_sonja_temple_1, red_sonja_temple_small_1]

Skill      XL: |  1  2  3  4  5  6  7 |
---------------+----------------------+-----
Conjurations   | 2 4 5 6 8 |  8.0
Fire Magic     | 4 7 8 10 12 | 12.1
Dodging        | 3 4 5 6 |  6.1
Spellcasting   | 4 5 6 8 |  8.0
Fighting       | |  0.4
Stealth        | |  2.6

Action                     |  1- 3 |  4- 6 |  7- 9 || total
---------------------------+-------+-------+-------++-------
  Melee: Unarmed           |     7 |       |       ||     7
         Tentacles         |     2 |       |       ||     2
         Constrict         |     1 |       |       ||     1
         Dagger            |       |     1 |     2 ||     3
  Throw: Dart              |       |       |     3 ||     3
   Cast: Foxfire           |    11 |     5 |     2 ||    18
         Scorch            |       |     5 |     3 ||     8
  Evoke: Wand              |     1 |       |       ||     1
    Use: Potion            |     2 |       |     1 ||     3
         Scroll            |     1 |       |       ||     1
   Stab: Sleeping          |       |     1 |       ||     1
 Armour: Skin              |       |       |     1 ||     1
  Dodge: Dodged            |     3 |     1 |     5 ||     9

Table legend: (Time is in decaauts)
 A = Elapsed time spent in this place.
 B = Non-inter-level travel time spent in this place.
 C = Inter-level travel time spent in this place.
 D = Time resting spent in this place.
 E = Time spent auto-exploring this place.
 F = Levels seen in this place.
 G = Mean time per level.
                   A        B        C        D        E       F      G
               +--------+--------+--------+--------+--------+-----+--------+
         Total |    532 |    532 |      0 |    275 |      0 |   1 |  532.0 |
       Dungeon |    532 |    532 |      0 |    275 |      0 |   1 |  532.0 |
               +--------+--------+--------+--------+--------+-----+--------+

Top non-repeatable levels by time:
       D: 532 daAuts
